 Dungeon Crawl Stone Soup version 0.30.0-5-g1a98f26d00 (webtiles) character file.

Game seed: 9076209522825905828

2802 SnakkuSnakku7 the Cleaver (level 9, 0/79 HPs)
             Began as an Armataur Warper on May 8, 2023.
             Was a Follower of Uskayaw.
             Slain by an orc
             ... wielding a +0 dagger
              (2 damage)
             ... on level 8 of the Dungeon.
             The game lasted 00:09:50 (7685 turns).

SnakkuSnakku7 the Cleaver (Armataur Warper)         Turns: 7685, Time: 00:09:50

Health: 0/79       AC: 12    Str: 19    XL:     9   Next: 44%
Magic:  11/11      EV:  7    Int: 17    God:    Uskayaw [*.....]
Gold:   188        SH:  0    Dex:  9    Spells: 11/11 levels left

rFire   . . .        a - +1 hand axe (freeze)
rCold   + . .        (no shield)
rNeg    + . .        C - +0 pearl dragon scales
rPois   +            (no helmet)
rElec   .            (no cloak)
rCorr   .            v - +3 pair of gloves "Paapocya" {rPois Str-2 Int+3}
SInv    .            (no barding)
Will    .....        i - amulet of faith Stlth
                     s - ring of flight
HPRegen 0.33/turn    k - ring of protection from cold
MPRegen 0.12/turn

%: roll, faith
@: flying
A: large, rugged brown scales 3, deformed body, armoured tail, roll, long
tongue, awkward tongue
a: Renounce Religion, Stomp


You were on level 8 of the Dungeon.
You worshipped Uskayaw.
Uskayaw was noncommittal.
You visited 2 branches of the dungeon, and saw 9 of its levels.

You collected 416 gold pieces.
You spent 228 gold pieces at shops.

Inventory:

Hand Weapons
 a - a +1 hand axe of freezing (weapon)
 c - a +0 hand axe
Missiles
 d - 2 boomerangs of dispersal (quivered)
 g - 5 boomerangs
 x - 2 throwing nets
Armour
 v - the +3 pair of gloves "Paapocya" (worn) {rPois Str-2 Int+3}
   (You bought it in a shop on level 4 of the Dungeon)

   Str:       It affects your strength (-2).
   Int:       It affects your intelligence (+3).
   rPois:     It protects you from poison.
 C - +0 pearl dragon scales (worn)
Jewellery
 f - a ring of fire
 i - an amulet of faith (around neck)
 k - a ring of protection from cold (right hand)
 s - a ring of flight (left hand)
 t - a ring of magical power
Wands
 h - a wand of flame (32)
 r - a wand of polymorph (7)
Scrolls
 b - a scroll of noise {unknown}
 n - a scroll of immolation {unknown}
 o - 2 scrolls of magic mapping
 u - a scroll of brand weapon {unknown}
 w - a scroll of silence {unknown}
 y - a scroll of poison {unknown}
 B - 2 scrolls of identify
Potions
 e - a potion of ambrosia {unknown}
 j - a potion of invisibility
 l - a potion of haste {unknown}
 p - 2 potions of flight
 q - a potion of cancellation {unknown}
 A - 2 potions of mutation {unknown}


   Skills:
 - Level 5.0 Fighting
 + Level 10.2 Axes
 - Level 0.8 Throwing
 - Level 1.2 Armour
 - Level 1.3 Dodging
 - Level 1.7 Spellcasting
 - Level 3.0 Translocations


You had 11 spell levels left.
You didn't know any spells.
Your spell library contained the following spells:

 Spells                   Type           Power      Damage    Failure   Level
 Blink                    Tloc           22%        N/A       34%         2
 Lesser Beckoning         Tloc           22%        N/A       34%         2
 Gell's Gravitas          Tloc           11%        N/A       56%         3
 Teleport Other           Tloc           11%        N/A       56%         3
 Necrotise                Necr           4%         1d4       61%         1
 Vhi's Electric Charge    Tloc/Air       12%        N/A       77%         3
 Manifold Assault         Tloc           11%        N/A       92%         4
 Ozocubu's Armour         Ice            1%         N/A       93%         3
 Stone Arrow              Conj/Erth      2%         3d7       93%         3
 Vampiric Draining        Necr           1%         2d6       93%         3
 Animate Armour           Summ/Erth      2%         N/A       100%        4
 Agony                    Necr           1%         N/A       100%        5
 Ozocubu's Refrigeration  Ice            0%         4d7       100%        7
 Lehudib's Crystal Spear  Conj/Erth      0%         10d2      100%        8


Dungeon Overview and Level Annotations

Branches:
Dungeon (8/15)             Temple (1/1) D:6
   Lair: D:8-11

Altars:
Ashenzari
Dithmenos
Elyvilon
Fedhas
Gozag
Kikubaaqudgha
Makhleb
Sif Muna
Trog
Uskayaw
Vehumet
Wu Jian
Xom
Yredelemnul
Zin
The Shining One

Shops:
D:4 [

Annotations:
D:8 Grum


Innate Abilities, Weirdness & Mutations

You are completely covered in rugged brown scales. (AC +3, +7% HP)
Armour fits poorly on your strangely shaped body.
You have a long armoured tail.
You roll when moving toward enemies. (Rampage)
Your long tongue fully drains potion bottles. (2x potion effects)
Your tongue gives you trouble enunciating. (1.5x scroll delay)


Message History

Unknown command.
Aiming: Charm
Press: ? - help, Shift-Dir - straight line, f/p - wyvern
Aim: a wyvern (chance to affect: 49%)
The wyvern resists with some effort.
The orc priest hits you but does no damage.
Unknown command.
Unknown command.
Aiming: Charm
Press: ? - help, Shift-Dir - straight line, f - orc priest, p - wyvern
Aim: an orc priest, wielding a +0 hand axe (chance to affect: 49%)
The orc priest resists with some effort.
The orc priest invokes the aid of Beogh against you.
You struggle to resist.
The orc closely misses you. The wyvern bites you.
Unknown command.
Unknown command.
Aiming: Charm
Press: ? - help, Shift-Dir - straight line, f - wyvern, p - orc priest
Aim: a wyvern (chance to affect: 49%)
The wyvern resists with some effort.
The orc priest mumbles some strange prayers to Beogh against you.
Beogh smites you!
* * * LOW HITPOINT WARNING * * *
The orc closely misses you. The orc priest barely misses you.
The wyvern bites you but does no damage.
Unknown command.
Aiming: Charm
Press: ? - help, Shift-Dir - straight line, f/p - wyvern
Aim: a wyvern (chance to affect: 49%)
The wyvern is charmed.
The orc hits you but does no damage.
The orc priest mumbles some strange prayers to Beogh against you.
Beogh smites you!
* * * LOW HITPOINT WARNING * * *
Unknown command.
Aiming: Charm
Press: ? - help, Shift-Dir - straight line, f - orc priest, p - wyvern
Aim: an orc priest, wielding a +0 hand axe (chance to affect: 49%)
The orc priest is charmed.
The now-empty wand crumbles to dust.
The orc hits you with a +0 dagger.
You die...

.............#
.............#
.............#
.............#
.............#
.............#
......ool..[.#
......o@.....#
.............#
...........!(#
............##
............#
##########+##


You could see an orc priest, an orc, a friendly wyvern (charmed) and a friendly
orc priest (charmed).

Vanquished Creatures
  Grinder (D:4)
  Sigmund (D:4)
  2 steam dragons
  A warg (D:8)
  3 ice beasts
  3 black bears
  3 ogres
  A centaur (D:7)
  2 phantoms
  A kobold brigand (D:7)
  2 scorpions (D:6)
  2 bullfrogs
  3 killer bees (D:7)
  5 hounds
  A jelly (D:4)
  An iguana (D:7)
  Terence (D:3)
  An orc wizard (D:3)
  Natasha (thrice) (D:3)
  7 gnolls
  9 adders
  4 white imps
  2 ufetubi
  4 dart slugs
  8 orcs
  A bat (D:1)
  7 endoplasms
  4 giant cockroaches
  10 goblins
  9 hobgoblins
  4 jackals (D:2)
  9 kobolds
  2 quokkas
  14 ball pythons
  5 frilled lizards
  7 rats
143 creatures vanquished.

Notes
Turn   | Place    | Note
-------+----------+-------------------------------------------
     0 | D:1      | SnakkuSnakku7 the Armataur Warper began the quest for the
                  | Orb.
     0 | D:1      | Reached XP level 1. HP: 18/18 MP: 3/3
   309 | D:1      | Reached XP level 2. HP: 25/25 MP: 4/4
   346 | D:1      | Reached skill level 2 in Axes
   609 | D:1      | Reached XP level 3. HP: 28/32 MP: 5/5
  1358 | D:2      | Reached XP level 4. HP: 23/40 MP: 6/6
  1981 | D:3      | Found a basalt altar of Yredelemnul.
  2086 | D:3      | Noticed Natasha
  2098 | D:3      | Killed Natasha
  2099 | D:3      | Reached skill level 3 in Axes
  2218 | D:3      | Reached XP level 5. HP: 22/48 MP: 7/7
  2332 | D:3      | Noticed Natasha
  2341 | D:3      | Killed Natasha
  2693 | D:3      | Noticed Natasha
  2710 | D:3      | Killed Natasha
  2716 | D:3      | Noticed Terence
  2869 | D:3      | HP: 1/49 [Terence/+1 hand axe of freezing (3)]
  2870 | D:3      | Killed Terence
  3156 | D:4      | Noticed Grinder
  3167 | D:4      | Paralysed by Grinder for 3 turns
  3386 | D:4      | Reached XP level 6. HP: 51/55 MP: 8/8
  3405 | D:4      | Reached skill level 4 in Axes
  3509 | D:4      | Found Nuecu's Antique Armour Shop.
  3577 | D:4      | Noticed Sigmund
  3596 | D:4      | Killed Sigmund
  3597 | D:4      | Reached skill level 5 in Fighting
  3597 | D:4      | Reached XP level 7. HP: 41/65 MP: 9/9
  3685 | D:4      | Identified the +5 trident of Bloody Death {drain, Dex+3}
  3810 | D:4      | Killed Grinder
  3811 | D:4      | Reached skill level 5 in Axes
  4235 | D:4      | Bought a pair of scorched gloves for 228 gold pieces
  4235 | D:4      | Identified the +3 pair of gloves "Paapocya" {rPois Str-2
                  | Int+3} (You bought it in a shop on level 4 of the Dungeon)
  4249 | D:5      | Entered Level 5 of the Dungeon
  4262 | D:4      | Reached skill level 6 in Axes
  4538 | D:5      | HP: 3/65 [gnoll/+0 spear (5)]
  4772 | D:5      | Reached XP level 8. HP: 72/72 MP: 10/10
  4867 | D:5      | Reached skill level 7 in Axes
  4999 | D:5      | Found a broken altar of Ashenzari.
  5506 | D:6      | Reached skill level 8 in Axes
  6134 | D:6      | Found a staircase to the Ecumenical Temple.
  6140 | Temple   | Entered the Ecumenical Temple
  6561 | D:7      | Found a shimmering altar of Xom.
  6669 | D:7      | Reached skill level 9 in Axes
  6813 | D:7      | Reached XP level 9. HP: 71/79 MP: 11/11
  7018 | D:7      | Identified the +1 falchion "Doskytu" {elec, Drain Will+
                  | Stlth+}
  7153 | D:7      | HP: 3/79 [killer bee (4)]
  7477 | D:7      | Found a hide-covered altar of Uskayaw.
  7605 | D:7      | Became a worshipper of Uskayaw the Reveller
  7649 | D:8      | Reached * piety under Uskayaw
  7652 | D:8      | Reached ** piety under Uskayaw
  7656 | D:8      | Reached skill level 10 in Axes
  7656 | D:8      | Reached *** piety under Uskayaw
  7659 | D:8      | Reached **** piety under Uskayaw
  7669 | D:8      | Noticed Grum
  7684 | D:8      | HP: 2/79 [orc priest/divine providence (10)]
  7685 | D:8      | Slain by an orc

Illustrated notes

Levels and vault maps discovered:
D:1:      dpeg_arrival_arbitrary_b, layout_basic
D:2:      layout_basic
D:3:      layout_loops_ring, lemuel_doored_altar, uniq_natasha, uniq_terence
D:4:      layout_basic, nicolae_wooded_promenade,
          hangedman_abyss_or_decor_lesser_grid, uniq_sigmund, uniq_grinder
D:5:      layout_basic, old_standard_altar, nicolae_kite_square_tiling_tiny
D:6:      layout_basic, temple_doors_cd
D:7:      layout_loops_corners, mainiacjoe_overflow_tiny_flanked,
          mainiacjoe_overflow_paths
D:8:      layout_basic, erik_lair_orcish_takeover, uniq_joseph, uniq_grum
Temple:   nicolae_temple_bog_church

Skill      XL: |  1  2  3  4  5  6  7  8  9 |
---------------+----------------------------+-----
Fighting       | 2 3 4 5 |  5.0
Axes           | 2 3 4 6 9 10 | 10.2
Throwing       | |  0.8
Armour         | |  1.2
Dodging        | |  1.3
Spellcasting   | |  1.7
Translocations | |  3.0

Action                     |  1- 3 |  4- 6 |  7- 9 || total
---------------------------+-------+-------+-------++-------
  Melee: Hand axe          |   144 |   188 |   353 ||   685
         Tailslap          |    14 |    22 |    45 ||    81
         Punch             |     2 |     1 |     4 ||     7
  Throw: Boomerang         |       |     5 |     1 ||     6
  Evoke: Wand              |       |       |     7 ||     7
    Use: Scroll            |       |     7 |     2 ||     9
         Potion            |       |       |     7 ||     7
   Stab: Paralysed         |       |       |     2 ||     2
         Invisible         |       |       |     1 ||     1
 Armour: Leather armour    |    12 |       |       ||    12
         Chain mail        |    75 |   103 |    64 ||   242
         Skin              |       |       |     4 ||     4
         Plate armour      |       |       |    88 ||    88
         Pearl dragon scal |       |       |    82 ||    82
  Dodge: Dodged            |    50 |    44 |   119 ||   213
